 Dungeon Crawl Stone Soup version 0.21.0 (console) character file.

59 Rjs the Magician (level 4, 0/32 HPs)
             Began as a Gnoll Wizard on Jan 6, 2018.
             Slain by Squigly's ghost (15 damage)
             ... on level 3 of the Dungeon.
             The game lasted 00:09:33 (1544 turns).

Rjs the Magician (Gnoll Wizard)                     Turns: 1544, Time: 00:09:34

Health: 0/32       AC:  3    Str: 10    XL:     4   Next: 3%
Magic:  1/13       EV: 15    Int: 21    God:
Gold:   164        SH:  0    Dex: 17    Spells: 6/17 levels left

rFire    . . .     SeeInvis .     - Unarmed
rCold    . . .     Gourm    .   (no shield)
rNeg     . . .     Faith    .   a - +0 robe
rPois    .         Spirit   .   b - +0 hat
rElec    .         Reflect  .   (no cloak)
rCorr    .         Harm     .   h - +0 pair of gloves
MR       .....                  (no boots)
Stlth    ++++......             (no amulet)
HPRegen  0.10/turn              n - +4 ring of dexterity
MPRegen  0.13/turn              t - ring of stealth

@: no status effects
A: distributed training, fangs 1, strong nose
a: no special abilities


You were on level 3 of the Dungeon.
You were not hungry.

You visited 1 branch of the dungeon, and saw 3 of its levels.

You collected 164 gold pieces.

Inventory:

Armour
 a - a +0 robe (worn)
 b - a +0 hat (worn)
 h - a +0 pair of gloves (worn)
Jewellery
 n - a +4 ring of dexterity (left hand)
 t - a ring of stealth (right hand)
Wands
 l - a wand of flame (20)
Scrolls
 g - 2 scrolls of random uselessness {unknown}
 j - a scroll of amnesia {unknown}
 k - 4 scrolls of identify {unknown}
 o - a scroll of immolation {unknown}
 p - a scroll of enchant weapon {unknown}
 r - a scroll of teleportation {unknown}
 u - a scroll of enchant armour {unknown}
Potions
 e - 4 potions of curing {unknown}
 f - a potion of agility {unknown}
 i - 2 potions of heal wounds {unknown}
 m - a potion of brilliance {unknown}
 q - a potion of ambrosia {unknown}
Books
 c - a book of Minor Magic

   Spells                             Type                      Level
   a - Magic Dart                     Conjuration                  1
   b - Blink                          Translocation                2
   c - Call Imp                       Summoning                    2
   d - Slow                           Hexes                        2
   e - Conjure Flame                  Conjuration/Fire             3
   f - Mephitic Cloud                 Conjuration/Poison/Air       3
Comestibles
 d - 4 rations
 s - 7 chunks of flesh


   Skills:
 + Level 1.0 Fighting
 + Level 1.0 Short Blades
 + Level 1.0 Long Blades
 + Level 1.0 Axes
 + Level 1.0 Maces & Flails
 + Level 1.0 Polearms
 + Level 1.0 Staves
 + Level 1.0 Slings
 + Level 1.0 Bows
 + Level 1.0 Crossbows
 + Level 1.0 Throwing
 + Level 1.0 Armour
 + Level 4.6 Dodging
 + Level 4.2 Stealth
 + Level 1.0 Shields
 + Level 1.0 Unarmed Combat
 + Level 7.2 Spellcasting
 + Level 2.2 Conjurations
 + Level 0.7 Hexes
 + Level 0.7 Charms
 + Level 2.2 Summonings
 + Level 0.7 Necromancy
 + Level 2.2 Translocations
 + Level 0.7 Transmutations
 + Level 0.7 Fire Magic
 + Level 0.7 Ice Magic
 + Level 0.7 Air Magic
 + Level 0.7 Earth Magic
 + Level 0.7 Poison Magic
 + Level 1.1 Invocations
 + Level 1.0 Evocations


You had 6 spell levels left.
You knew the following spells:

 Your Spells              Type           Power        Failure   Level  Hunger
a - Magic Dart            Conj           ###.         3%          1    None
b - Blink                 Tloc           N/A          5%          2    None
c - Call Imp              Summ           ###.....     5%          2    None
d - Conjure Flame         Conj/Fire      ##......     14%         3    None
e - Mephitic Cloud        Conj/Pois/Air  ##......     16%         3    None


Dungeon Overview and Level Annotations

Branches:
Dungeon (3/15)

Altars:
Fedhas
Okawaru
Uskayaw

Annotations:
D:3 Robin; Squigly's ghost, amateur MiFi


Innate Abilities, Weirdness & Mutations

Your experience applies equally to all skills.
You have very sharp teeth.
Your uncanny sense of smell can sniff out nearby items.


Message History

Press: ? - help, Shift-Dir - straight line, f/p - Squigly's ghost
Aim: Squigly's ghost The puff of flame hits Squigly's ghost.
Squigly's ghost appears unharmed.
Your crimson imp hits Squigly's ghost but does no damage.
Squigly's ghost says, "You can hit me, but you can't hurt me."
Squigly's ghost closely misses you.
Your crimson imp blinks!
Evoke which item? (* to show all) (? for menu, Esc to quit)
Okay, then.
Press: ? - help, v - describe, . - travel
Here: Squigly's ghost The floor.
Evoke which item? (* to show all) (? for menu, Esc to quit)
Aiming: Throw Flame
Press: ? - help, Shift-Dir - straight line, f/p - Squigly's ghost
Aim: Squigly's ghost The puff of flame hits Squigly's ghost.
Squigly's ghost appears unharmed.
Your crimson imp hits Squigly's ghost but does no damage.
Squigly's ghost hits you!
You die...

#..........#
#..........#
#..........#
#........#
##....§...##
#..........######
#...............#
#.....W5....###.#
#.....@......# ..
#..[.......#.# #.
###
##........##.#
#.##.#
##......###.##
#..... ########
#..## #.. ##..###
#..
######...####[#
#...####...##.#
#...###÷.......


You could see Squigly's ghost and a friendly crimson imp.

Vanquished Creatures
  An ooze (D:2)
  A worm (D:2)
  4 leopard geckos
  3 orcs
  A giant cockroach (D:3)
  10 goblins
  7 hobgoblins
  2 kobolds
  A ball python (D:1)
  3 bats (D:2)
  4 frilled lizards (D:1)
  2 rats
39 creatures vanquished.

Vanquished Creatures (collateral kills)
  2 goblins (D:3)
  A hobgoblin (D:3)
  A kobold (D:1)
4 creatures vanquished.

Grand Total: 43 creatures vanquished

Notes
Turn   | Place    | Note
-------+----------+-------------------------------------------
     0 | D:1      | Rjs the Gnoll Wizard began the quest for the Orb.
     0 | D:1      | Reached XP level 1. HP: 13/13 MP: 8/8
    21 | D:1      | Found an iron altar of Okawaru.
   115 | D:1      | Reached XP level 2. HP: 19/19 MP: 1/10
   119 | D:1      | Learned a level 2 spell: Blink
   123 | D:1      | Learned a level 2 spell: Call Imp
   526 | D:2      | Reached XP level 3. HP: 19/25 MP: 4/11
   561 | D:2      | Learned a level 3 spell: Conjure Flame
   565 | D:2      | Learned a level 3 spell: Mephitic Cloud
   986 | D:2      | Found a blossoming altar of Fedhas.
   997 | D:2      | Found a hide-covered altar of Uskayaw.
  1183 | D:3      | Reached skill level 1 in Invocations
  1217 | D:3      | Noticed Robin
  1345 | D:3      | Reached skill level 1 in Fighting
  1345 | D:3      | Reached skill level 1 in Short Blades
  1345 | D:3      | Reached skill level 1 in Long Blades
  1345 | D:3      | Reached skill level 1 in Axes
  1345 | D:3      | Reached skill level 1 in Maces & Flails
  1345 | D:3      | Reached skill level 1 in Polearms
  1345 | D:3      | Reached skill level 1 in Staves
  1345 | D:3      | Reached skill level 1 in Slings
  1345 | D:3      | Reached skill level 1 in Bows
  1345 | D:3      | Reached skill level 1 in Crossbows
  1345 | D:3      | Reached skill level 1 in Throwing
  1345 | D:3      | Reached skill level 1 in Armour
  1345 | D:3      | Reached skill level 1 in Shields
  1345 | D:3      | Reached skill level 1 in Unarmed Combat
  1345 | D:3      | Reached skill level 1 in Evocations
  1491 | D:3      | Reached XP level 4. HP: 32/32 MP: 5/13
  1532 | D:3      | Noticed Squigly's ghost (amateur MiFi)
  1544 | D:3      | Slain by Squigly's ghost

Skill      XL: |  1  2  3 |
---------------+----------+-----
Conjurations   | 2 |  2.2
Summonings     | 2 |  2.2
Translocations | 2 |  2.2
Invocations    | 1 |  1.1
Fighting       | 1 |  1.0
Short Blades   | 1 |  1.0
Long Blades    | 1 |  1.0
Axes           | 1 |  1.0
Maces & Flails | 1 |  1.0
Polearms       | 1 |  1.0
Staves         | 1 |  1.0
Slings         | 1 |  1.0
Bows           | 1 |  1.0
Crossbows      | 1 |  1.0
Throwing       | 1 |  1.0
Armour         | 1 |  1.0
Shields        | 1 |  1.0
Unarmed Combat | 1 |  1.0
Evocations     | 1 |  1.0
Dodging        | |  4.6
Stealth        | |  4.2
Spellcasting   | |  7.2
Hexes          | |  0.7
Charms         | |  0.7
Necromancy     | |  0.7
Transmutations | |  0.7
Fire Magic     | |  0.7
Ice Magic      | |  0.7
Air Magic      | |  0.7
Earth Magic    | |  0.7
Poison Magic   | |  0.7

Action                   |  1- 3 |  4- 6 || total
-------------------------+-------+-------++-------
Melee: Unarmed           |     6 |     1 ||     7
       Bite              |     1 |       ||     1
 Cast: Magic Dart        |    85 |     6 ||    91
       Blink             |     2 |       ||     2
       Call Imp          |     3 |     3 ||     6
Evoke: Wand              |       |     2 ||     2
  Eat: Ration            |     1 |       ||     1
Armor: Robe              |     4 |       ||     4
Dodge: Dodged            |     8 |     3 ||    11
